Map: Torres Crepusculares

Players

Smile - Winner!

  • Race: Terran Terran
  • League: Grandmaster

TheZergLord

  • Race: Zerg Zerg
  • League: Master

VOD

Have the link to the VOD?

Description

Time

  • Played on: April 26, 2016, 2:41 p.m.
  • Length: 11:21
Show
View Real Time Build Order
Export as new Build Order

Smile Terran - Winner!

Build Orders: Reaper Expand 

Get SALT Encoding   

  12  0:01  SCV  
  13  0:13  SCV  
  14  0:21  Supply Depot  
  14  0:25  SCV  
  15  0:42  SCV  
  16  0:43  Barracks  
  16  0:47  Refinery  
  16  1:00  SCV  
  17  1:13  SCV  
  18  1:29  Orbital Command  
  18  1:30  Reaper  
  19  1:47  Command Center  
  19  1:54  Supply Depot  
  19  2:04  SCV  
  19  2:06  Marine  
  21  2:13  Factory  
  21  2:16  SCV  
  22  2:23  Refinery  
  22  2:28  SCV  
  22  2:29  Barracks Reactor  
  23  2:40  SCV  
  24  2:44  Bunker  
  24  2:52  SCV  
  25  2:59  Factory Tech Lab  
  25  3:01  SCV  
  25  3:02  Bunker  
  25  3:05  SCV  
  27  3:06  Marine x2  
  28  3:18  SCV  
  28  3:19  Siege Tank  
  32  3:25  Marine x2  
  31  3:35  SCV  
  32  3:43  Marine x2  
  35  3:49  SCV  
  35  3:52  Starport, SCV  
  36  4:01  SCV  
  37  4:04  SCV  
  37  4:06  Marine x2  
  40  4:13  SCV  
  40  4:15  Siege Tank  
  40  4:16  SCV  
  45  4:26  SCV  
  46  4:33  Marine x2  
  48  4:38  Starport Tech Lab  
  48  4:41  Supply Depot  
  48  4:42  Supply Depot  
  48  4:44  SCV  
  49  4:51  Marine  
  49  4:52  SCV  
  51  4:57  SCV  
  49  5:03  Cloaking Field  
  48  5:08  Marine  
  48  5:09  Supply Depot  
  49  5:15  Banshee  
  50  5:29  Siege Tank  
  50  5:31  Marine x2  
  50  5:34  Orbital Command  
  50  5:35  SCV  
  56  5:47  SCV  
  57  5:51  Marine x2  
  59  5:58  Banshee  
  59  5:59  SCV  
  59  6:00  SCV  
  64  6:10  Refinery  
  64  6:11  SCV  
  64  6:13  SCV  
  64  6:16  Command Center  
  66  6:32  Supply Depot  
  66  6:41  Supply Depot  
  65  6:48  Supply Depot  
  65  6:56  Barracks Reactor  
  65  7:08  Supply Depot  
  65  7:09  Raven  
  65  7:10  Siege Tank  
  70  7:17  Barracks  
  70  7:18  Barracks  
  70  7:19  Barracks  
  70  7:20  Barracks  
  70  7:27  SCV x2  
  72  7:36  Orbital Command  
  72  7:39  SCV x2  
  72  7:44  Marine x2, Siege Tank  
  79  7:51  SCV x2  
  81  8:03  SCV x2  
  83  8:07  SCV  
  83  8:09  Supply Depot, Refinery  
  83  8:10  Starport Reactor  
  84  8:15  SCV  
  84  8:16  SCV  
  84  8:17  Barracks Tech Lab  
  84  8:19  SCV  
  87  8:28  SCV x2  
  87  8:31  SCV  
  87  8:32  Barracks Tech Lab  
  87  8:33  Barracks Tech Lab  
  90  8:34  Marine x2, Stimpack  
  90  8:35  Marine  
  90  8:37  Engineering Bay x2  
  90  8:40  SCV  
  94  8:45  SCV  
  94  8:47  Siege Tank, Combat Shields  
  98  8:48  Medivac  
  98  8:50  Medivac  
  99  9:03  SCV  
  99  9:08  Marine  
  99  9:09  Refinery  
  101  9:10  Terran Infantry Weapons Level 1, Concussive Shells, Terran Infantry Armor Level 1  
  101  9:13  Refinery  
  101  9:19  Marine x2  
  101  9:20  Marauder x2, Marine  
  108  9:32  Command Center  
  108  9:34  SCV  
  109  9:46  Orbital Command  
  109  10:09  Marine x6, SCV x2  
  109  10:13  Armory  
  117  10:20  Medivac  
  121  10:22  Supply Depot  
  121  10:27  Marine x4  
  125  10:37  Marine x2  
  125  10:42  Supply Depot  
  125  10:43  Supply Depot, Siege Tank, Medivac  
  125  10:44  Supply Depot  
  125  10:45  Marauder  
  132  10:56  Marine  
  132  10:57  Marauder  
  138  11:03  SCV  
Show
View Real Time Build Order
Export as new Build Order

TheZergLord Zerg 

Build Orders: Hatch First, Ravager All-In 

Get SALT Encoding   

  12  0:01  Drone  
  13  0:13  Overlord  
  13  0:18  Drone  
  14  0:32  Drone  
  14  0:33  Drone  
  16  0:37  Drone  
  17  0:55  Hatchery  
  16  0:57  Drone  
  17  1:10  Extractor  
  16  1:12  Spawning Pool  
  16  1:16  Drone  
  16  1:20  Drone  
  16  1:23  Drone  
  18  1:32  Drone  
  18  1:36  Extractor  
  18  1:40  Drone  
  19  1:50  Drone  
  20  2:00  Queen, Roach Warren  
  21  2:09  Queen  
  21  2:13  Drone  
  24  2:17  Drone  
  25  2:25  Overlord  
  25  2:29  Drone  
  26  2:41  Roach  
  30  2:44  Roach  
  30  2:48  Roach  
  32  2:57  Overlord  
  32  3:02  Ravager  
  33  3:08  Ravager  
  33  3:10  Ravager  
  35  3:31  Roach x3  
  38  3:49  Roach  
  38  3:53  Ravager x2  
  38  3:54  Ravager  
  38  3:55  Overlord x2  
  43  4:11  Ravager  
  43  4:16  Roach x3  
  50  4:23  Hatchery  
  46  4:39  Ravager  
  46  4:41  Drone x5  
  46  4:42  Drone  
  53  4:49  Ravager  
  50  5:09  Ravager  
  50  5:10  Drone x2  
  50  5:11  Drone  
  54  5:15  Roach  
  56  5:24  Hatchery  
  55  5:31  Overlord x2  
  55  5:32  Overlord  
  56  5:57  Drone x6  
  56  5:58  Lair  
  56  6:00  Ravager  
  62  6:07  Spore Crawler  
  62  6:08  Spore Crawler  
  62  6:09  Drone  
  58  6:23  Drone x3  
  54  6:48  Queen  
  51  7:09  Queen  
  51  7:10  Glial Reconstitution  
  51  7:14  Evolution Chamber  
  51  7:15  Evolution Chamber  
  51  7:18  Queen  
  51  7:28  Drone x12  
  62  7:34  Overseer  
  61  7:47  Drone x3  
  61  7:48  Drone  
  61  7:50  Extractor  
  61  7:51  Extractor  
  61  7:54  Queen  
  58  8:10  Roach x4  
  58  8:11  Roach x4  
  74  8:22  Roach x3  
  74  8:23  Zerg Missile Weapons Level 1  
  80  9:05  Overlord x2  
  80  9:10  Overlord x2  
  80  9:14  Overlord  
  80  9:28  Queen  
  82  9:31  Ravager  
  82  9:32  Ravager x10  
  95  9:38  Roach  
  95  9:39  Roach  
  95  9:44  Roach  
  99  9:46  Overlord x3  
  99  10:05  Ravager  
  99  10:06  Overlord x2  
  100  10:07  Hatchery  
  99  10:17  Roach x2  
  99  10:18  Roach x4  
  111  10:23  Roach  
  111  10:24  Roach  
  111  10:28  Ravager  
  116  10:32  Roach  
  116  10:33  Roach  
  116  10:35  Roach  
  122  10:40  Roach  
  124  10:55  Roach x2  
  124  10:56  Roach x2  
  132  10:59  Overlord x2  
Tags
 
Add a new tag
Caveats
  • Supply blocks, unpowered buildings, or Contaminate may cause inaccurate times.
  • Supply counts are checked every 10 seconds.